 Dungeon Crawl Stone Soup version 0.22-a0-346-ga714374 (webtiles) character file.

3581 xccam the Fighter (level 10, -3/80 HPs)
             Began as a Gnoll Wanderer on Apr 6, 2018.
             Was a Believer of Qazlal.
             Slain by a big kobold (5 damage)
             ... on level 8 of the Dungeon.
             The game lasted 00:14:38 (7415 turns).

xccam the Fighter (Gnoll Wanderer)                  Turns: 7415, Time: 00:14:39

Health: -3/80      AC: 11    Str: 17    XL:     10   Next: 10%
Magic:  17/17      EV: 10    Int: 15    God:    Qazlal [**....]
Gold:   415        SH:  8    Dex: 15    Spells: 18/18 levels left

rFire    . . .     SeeInvis .   w - +1 trident
rCold    + . .     Gourm    .   x - +0 buckler
rNeg     . . .     Faith    .   r - +0 chain mail
rPois    +         Spirit   .   (no helmet)
rElec    .         Reflect  .   (no cloak)
rCorr    .         Harm     .   s - +1 pair of gloves {archery}
MR       .....                  (no boots)
Stlth    ..........             (no amulet)
HPRegen  0.23/turn              A - ring of poison resistance
MPRegen  0.15/turn              k - ring of protection from cold

@: no status effects
A: distributed training, fangs 1, strong nose
a: Upheaval, Renounce Religion


You were on level 8 of the Dungeon.
You worshipped Qazlal.
Qazlal was pleased with you.
You were not hungry.

You visited 2 branches of the dungeon, and saw 9 of its levels.

You collected 415 gold pieces.

Inventory:

Hand Weapons
 w - a +1 trident (weapon)
Missiles
 m - 14 tomahawks (quivered)
Armour
 r - a +0 chain mail (worn)
 s - a +1 pair of gloves of archery (worn)
 x - a +0 buckler (worn)
Jewellery
 f - a cursed -3 ring of evasion
 k - a ring of protection from cold (right hand)
 p - an uncursed ring of protection from cold
 A - a ring of poison resistance (left hand)
 G - a +3 ring of protection
Wands
 B - a wand of flame (14)
 F - a wand of paralysis (14)
Scrolls
 a - 3 scrolls of blinking
 b - 8 scrolls of teleportation
 c - 2 scrolls of fog
 i - 9 scrolls of remove curse
 j - 3 scrolls of enchant armour
 l - 2 scrolls of identify
 o - 2 scrolls of random uselessness
 q - 2 scrolls of noise
 u - a scroll of magic mapping
 v - 5 scrolls of amnesia
 y - a scroll of enchant weapon
 z - 2 scrolls of fear
 C - a scroll of immolation
Potions
 d - 2 potions of agility
 h - a potion of mutation
 n - 2 potions of flight
 D - a potion of brilliance
Comestibles
 g - 10 rations


   Skills:
 + Level 8.2 Fighting
 + Level 4.8 Short Blades
 + Level 4.8 Long Blades
 + Level 4.8 Axes
 + Level 4.8 Maces & Flails
 + Level 5.5 Polearms
 + Level 5.5 Staves
 + Level 4.8 Slings
 + Level 4.8 Bows
 + Level 4.8 Crossbows
 + Level 6.7 Throwing
 + Level 4.8 Armour
 + Level 5.5 Dodging
 + Level 6.5 Stealth
 + Level 4.8 Shields
 + Level 4.8 Unarmed Combat
 + Level 4.8 Spellcasting
 + Level 4.0 Conjurations
 + Level 4.0 Hexes
 + Level 4.0 Charms
 + Level 4.0 Summonings
 + Level 4.0 Necromancy
 + Level 4.0 Translocations
 + Level 4.0 Transmutations
 + Level 4.0 Fire Magic
 + Level 4.0 Ice Magic
 + Level 4.0 Air Magic
 + Level 4.0 Earth Magic
 + Level 4.0 Poison Magic
 + Level 5.3 Invocations
 + Level 4.8 Evocations


You had 18 spell levels left.
You didn't know any spells.

Dungeon Overview and Level Annotations

Branches:
Dungeon (8/15)             Temple (1/1) D:4
   Lair: D:8-11

Altars:
Ashenzari
Cheibriados
Elyvilon
Fedhas
Gozag
Hepliaklqana
Kikubaaqudgha
Makhleb
Qazlal
Ru
Sif Muna
Trog
Vehumet
Wu Jian
Zin

Shops:
D:4 [

Annotations:
D:7 2 exclusions


Innate Abilities, Weirdness & Mutations

Your experience applies equally to all skills.
You have very sharp teeth.
Your uncanny sense of smell can sniff out nearby items.


Message History

Your Poison Magic skill increases to level 4!
You block the big kobold's attack.
You hit the big kobold.
The big kobold is lightly wounded.
The big kobold barely misses you.
You hit the big kobold but do no damage.
The big kobold is lightly wounded.
The big kobold hits you.
* * * LOW HITPOINT WARNING * * *
You hit the big kobold.
You bite the big kobold, but do no damage.
The big kobold is lightly wounded.
You block the big kobold's attack.
You hit the big kobold.
The big kobold is moderately wounded.
The big kobold barely misses you.
You barely miss the big kobold.
The big kobold is moderately wounded.
The big kobold hits you.
You die...

∆ ######
###PP≈P.+∆
######@#P≈≈≈≈#
#....K<#K.P≈P##
......#.#.....#.
#######..)....'.
###...P%'.
≈...%Y. ....%#.
######


You could see a big kobold.

Vanquished Creatures
  Pikel (D:4)
  2 dream sheep (D:8)
  3 yaks
  2 ice beasts
  A sky beast (D:5)
  2 black bears (D:7)
  A necrophage (D:7)
  3 ogres
  3 centaurs
  A big kobold (D:8)
  2 bullfrogs (D:6)
  7 scorpions
  A water moccasin skeleton (D:5)
  A howler monkey (D:7)
  A jelly (D:5)
  An orc priest (D:4)
  2 orc wizards
  3 iguanas
  A centaur skeleton (D:5)
  7 worker ants
  A howler monkey zombie (D:6)
  A worker ant zombie (D:6)
  14 gnolls
  7 adders
  2 oozes
  2 adder skeletons
  2 worms (D:2)
  2 dart slugs (D:2)
  6 leopard geckos
  11 orcs
  8 giant cockroaches
  5 goblins
  10 hobgoblins
  6 jackals
  6 quokkas
  6 bats
  3 frilled lizards
  10 kobolds
  3 rats
150 creatures vanquished.

Vanquished Creatures (others)
  A slave (D:4)
  4 toadstools (D:1)
5 creatures vanquished.

Grand Total: 155 creatures vanquished

Notes
Turn   | Place    | Note
-------+----------+-------------------------------------------
     0 | D:1      | xccam the Gnoll Wanderer began the quest for the Orb.
     0 | D:1      | xccam set off with: a +2 quarterstaff, a scroll of teleportation, 15 poisoned needles, a +0 blowgun, a +0 robe, a +0 dagger, a ration
     0 | D:1      | Reached XP level 1. HP: 23/23 MP: 1/1
   177 | D:1      | Reached XP level 2. HP: 29/29 MP: 2/2
   375 | D:1      | Reached XP level 3. HP: 28/35 MP: 3/3
   823 | D:2      | Reached skill level 1 in Invocations
  1123 | D:1      | Reached skill level 1 in Short Blades
  1123 | D:1      | Reached skill level 1 in Long Blades
  1123 | D:1      | Reached skill level 1 in Axes
  1123 | D:1      | Reached skill level 1 in Maces & Flails
  1123 | D:1      | Reached skill level 1 in Slings
  1123 | D:1      | Reached skill level 1 in Bows
  1123 | D:1      | Reached skill level 1 in Crossbows
  1123 | D:1      | Reached skill level 1 in Armour
  1123 | D:1      | Reached skill level 1 in Shields
  1123 | D:1      | Reached skill level 1 in Unarmed Combat
  1123 | D:1      | Reached skill level 1 in Spellcasting
  1123 | D:1      | Reached skill level 1 in Evocations
  1123 | D:1      | Reached XP level 4. HP: 12/41 MP: 5/5
  1539 | D:2      | Found a radiant altar of Vehumet.
  1924 | D:3      | Found a bloodstained altar of Trog.
  1951 | D:3      | Reached skill level 1 in Conjurations
  1951 | D:3      | Reached skill level 1 in Hexes
  1951 | D:3      | Reached skill level 1 in Charms
  1951 | D:3      | Reached skill level 1 in Summonings
  1951 | D:3      | Reached skill level 1 in Necromancy
  1951 | D:3      | Reached skill level 1 in Translocations
  1951 | D:3      | Reached skill level 1 in Transmutations
  1951 | D:3      | Reached skill level 1 in Fire Magic
  1951 | D:3      | Reached skill level 1 in Ice Magic
  1951 | D:3      | Reached skill level 1 in Air Magic
  1951 | D:3      | Reached skill level 1 in Earth Magic
  1951 | D:3      | Reached skill level 1 in Poison Magic
  1968 | D:3      | Reached XP level 5. HP: 34/47 MP: 6/6
  2423 | D:3      | Found a deep blue altar of Sif Muna.
  2759 | D:4      | Found a staircase to the Ecumenical Temple.
  2805 | Temple   | Entered the Ecumenical Temple
  2824 | Temple   | Became a worshipper of Qazlal Stormbringer
  2874 | D:4      | Reached XP level 6. HP: 25/53 MP: 8/8
  2887 | D:4      | HP: 2/53 [orc priest/divine providence (11)]
  3277 | D:4      | Noticed Pikel
  3277 | D:4      | Noticed a slave
  3277 | D:4      | Noticed a slave
  3277 | D:4      | Noticed a slave
  3277 | D:4      | Noticed a slave
  3341 | D:4      | Killed Pikel
  3341 | D:4      | Reached skill level 7 in Fighting
  3341 | D:4      | Reached skill level 5 in Throwing
  3341 | D:4      | Reached XP level 7. HP: 23/60 MP: 8/10
  3387 | D:4      | Reached skill level 5 in Stealth
  3422 | D:4      | Found Qouloyclipewk's Antique Armour Boutique.
  3778 | D:5      | Entered Level 5 of the Dungeon
  3789 | D:5      | Reached XP level 8. HP: 29/67 MP: 12/12
  3991 | D:5      | Found an ancient bone altar of Kikubaaqudgha.
  3992 | D:5      | Found a blossoming altar of Fedhas.
  4576 | D:5      | Reached * piety under Qazlal
  5480 | D:6      | Found a sacrificial altar of Ru.
  5551 | D:6      | Reached XP level 9. HP: 56/72 MP: 14/14
  6217 | D:7      | Reached skill level 5 in Polearms
  6217 | D:7      | Reached skill level 5 in Staves
  6217 | D:7      | Reached skill level 5 in Dodging
  6484 | D:7      | Reached ** piety under Qazlal
  6540 | D:7      | Found a burning altar of Makhleb.
  6610 | D:7      | Found an ornate altar of the Wu Jian Council.
  6734 | D:7      | Reached skill level 8 in Fighting
  7185 | D:7      | Found a white marble altar of Elyvilon.
  7366 | D:8      | Reached skill level 5 in Invocations
  7404 | D:8      | Reached XP level 10. HP: 9/80 MP: 15/17
  7412 | D:8      | HP: 2/80 [big kobold (5)]
  7415 | D:8      | Slain by a big kobold

Vault maps used:
D:1:      ldierk_walled_garden_2, patterned_corridor
D:2:      lemuel_doored_altar
D:3:      cheibrodos_old_hovel, lemuel_blue_sif_altar,
          overflow_temple_1_default, first_ration, item_on_display_a
D:4:      minmay_temple_entry_junction_2, serial_shops, shop, st_stairs_8,
          uniq_pikel
D:5:      grunt_temple_overflow_growth_and_decay
D:6:      nrook_mini_backslash, hangedman_ru_absence
D:7:      cheibrodos_two_vegetables, lemuel_round_altar, lemuel_crystal_altar,
          basic_altar
D:8:      gammafunk_temple_overflow_forgotten, serial_shops, shop,
          hangedman_ranch, kennysheep_diamond, trog_wizard
Temple:   compressed_dpeg_triangle_lava_temple

Skill      XL: |  1  2  3  4  5  6  7  8  9 10 |
---------------+-------------------------------+-----
Invocations    | 1 2 3 4 5 |  5.3
Short Blades   | 1 2 3 4 |  4.8
Long Blades    | 1 2 3 4 |  4.8
Axes           | 1 2 3 4 |  4.8
Maces & Flails | 1 2 3 4 |  4.8
Slings         | 1 2 3 4 |  4.8
Bows           | 1 2 3 4 |  4.8
Crossbows      | 1 2 3 4 |  4.8
Armour         | 1 2 3 4 |  4.8
Shields        | 1 2 3 4 |  4.8
Unarmed Combat | 1 2 3 4 |  4.8
Spellcasting   | 1 2 3 4 |  4.8
Evocations     | 1 2 3 4 |  4.8
Conjurations   | 1 2 3 4 |  4.0
Hexes          | 1 2 3 4 |  4.0
Charms         | 1 2 3 4 |  4.0
Summonings     | 1 2 3 4 |  4.0
Necromancy     | 1 2 3 4 |  4.0
Translocations | 1 2 3 4 |  4.0
Transmutations | 1 2 3 4 |  4.0
Fire Magic     | 1 2 3 4 |  4.0
Ice Magic      | 1 2 3 4 |  4.0
Air Magic      | 1 2 3 4 |  4.0
Earth Magic    | 1 2 3 4 |  4.0
Poison Magic   | 1 2 3 4 |  4.0
Polearms       | 3 4 5 |  5.5
Staves         | 3 4 5 |  5.5
Dodging        | 3 4 5 |  5.5
Fighting       | 7 8 |  8.2
Throwing       | 5 6 |  6.7
Stealth        | 5 6 |  6.5

Action                   |  1- 3 |  4- 6 |  7- 9 | 10-12 || total
-------------------------+-------+-------+-------+-------++-------
Melee: Quarterstaff      |    97 |    97 |       |       ||   194
       Bite              |     9 |    15 |    72 |     1 ||    97
       Spear             |       |    86 |   211 |       ||   297
       Trident           |       |       |   352 |    11 ||   363
Throw: Tomahawk          |       |    12 |     2 |       ||    14
Invok: Upheaval          |       |       |     1 |       ||     1
Evoke: Wand              |       |       |     4 |       ||     4
  Use: Scroll            |       |     2 |    14 |       ||    16
       Potion            |       |     7 |     4 |       ||    11
 Stab: Sleeping          |     8 |     8 |     2 |       ||    18
       Invisible         |       |     1 |       |       ||     1
       Distracted        |       |       |     1 |       ||     1
       Paralysed         |       |       |     3 |     3 ||     6
  Eat: Chunk             |     1 |     6 |    13 |       ||    20
       Ration            |       |       |     1 |       ||     1
Armor: Robe              |    21 |    16 |       |       ||    37
       Ring mail         |       |    17 |    41 |       ||    58
       Chain mail        |       |       |   147 |     1 ||   148
Dodge: Dodged            |    61 |    86 |   214 |     2 ||   363
Block: Buckler           |       |    12 |   120 |     5 ||   137

Table legend:
 A = Spawn XP
 B = Non-spawn XP
 C = Spawn XP percentage of total XP
 D = Spawn monster count
 E = Non-spawn monster count
 F = Spawn count percentage of total count
 G = Total turns spent on level
                    A         B        C        D         E        F      G
               +---------+---------+-------+---------+---------+-------+---------
         Total |       0 |    5117 |   0.0 |       0 |     150 |   0.0 |  7415
               +---------+---------+-------+---------+---------+-------+---------
           D:1 |       0 |      58 |   0.0 |       0 |      26 |   0.0 |   986
           D:2 |       0 |      43 |   0.0 |       0 |      19 |   0.0 |   853
           D:3 |       0 |     101 |   0.0 |       0 |      20 |   0.0 |   893
           D:4 |       0 |     965 |   0.0 |       0 |      18 |   0.0 |  1011
           D:5 |       0 |     793 |   0.0 |       0 |      26 |   0.0 |  1617
           D:6 |       0 |     950 |   0.0 |       0 |      16 |   0.0 |   704
           D:7 |       0 |    1194 |   0.0 |       0 |      20 |   0.0 |  1249
           D:8 |       0 |    1013 |   0.0 |       0 |       5 |   0.0 |    67
               +---------+---------+-------+---------+---------+-------+---------
